[Event "*** Titled Tuesday Blitz"]
[Site "Chess.com"]
[Date "2021.03.30"]
[Round "6"]
[White "VladDobrov"]
[Black "GM_LOADING"]
[Result "1-0"]
[WhiteElo "2756"]
[BlackElo "2529"]
[TimeControl "180+1"]
[EndTime "11:06:21 PDT"]
[Termination "VladDobrov won by resignation"]

1. b3 Nf6 2. Bb2 d5 3. Nf3 c6 4. e3 Bg4 5. c4 e6 6. Be2 Nbd7 7. h3 Bh5 8. cxd5 exd5 9. d3 Bb4+ 10. Nbd2 Bxf3 11. Bxf3 Qa5 12. a3 Bxd2+ 13. Qxd2 Qxd2+ 14. Kxd2 O-O 15. Rhc1 Rfe8 16. g3 Ne5 17. Bg2 Re6 18. Bd4 Ne8 19. b4 Nd6 20. a4 a6 21. b5 axb5 22.
axb5 Rxa1 23. Rxa1 h6 24. bxc6 bxc6 25. Ra6 Nb5 26.
Bxe5 Rxe5 27. Rxc6 d4 28. e4 Re7 29. Rb6 Nc3 30.
Rb4 Rd7 31. f4 f6 32. h4 Na2 33. Rb8+ Kf7 34. Bh3 Ra7 35. Rd8 Ra4 36. e5 fxe5 37.
fxe5 Nc3 38. Rd7+ Kf8 39. e6 Ra2+ 40. Ke1 Rh2 41. Bf5 g6 42. e7+ Ke8 43. Bxg6+ Kxd7 44. e8=Q+ Kd6 45. Qf8+ Ke5 46. Qf4+ Kd5 47. Bf7+ Kc5 48.
Qe5+ Kc6 49. Qxd4 Re2+ 50. Kf1 Rc2 51. Qc4+ Kd6 52. Bg6 Rc1+ 53. Kg2 Ne2 54. Qf7 Rg1+ 55.
Kf2 Rxg3 56. Kxe2 h5 57. Qf4+ 1-0

[Event "*** Titled Tuesday Blitz"]
[Site "Chess.com"]
[Date "2021.03.30"]
[Round "6"]
[White "NateSolon"]
[Black "rynos0411"]
[Result "1-0"]
[WhiteElo "2570"]
[BlackElo "2415"]
[TimeControl "180+1"]
[EndTime "11:06:22 PDT"]
[Termination "NateSolon won by resignation"]

1. d4 Nf6 2. c4 e6 3. g3 d5 4. Bg2 Bb4+ 5. Nd2 O-O 6. Nf3 c6 7. O-O Nbd7 8. Qc2 Be7 9. e4 dxe4 10. Nxe4 Re8 11. Bf4 Nxe4 12. Qxe4 Nf6 13. Qc2 Bd7 14. Rad1 Rc8 15. Rfe1 Qa5 16. a3 Red8 17. Ne5 Be8 18. Bd2 Qc7 19. Bc3 Bf8 20. h4 Nd7 21. Be4 g6 22. h5 Nxe5 23. dxe5 Bg7 24. f4 c5 25. Qg2 b5 26. cxb5 Bxb5 27. hxg6 hxg6 28. Qf3 a6 29. Kg2 Ba4 30. Rc1 Qb6 31. Rh1 Rd7 32. g4 Bc6 33. Rcd1 Rxd1 34. Rxd1 Ba4 35. Rh1 Rd8 36.
f5 exf5 37. gxf5 gxf5 38. Qxf5 Bc6 39. e6 Bxe4+ 40. Qxe4 Qxe6 41. Qh7+ Kf8 42. Qxg7+ Ke8 43. Re1 1-0

[Event "*** Titled Tuesday Blitz"]
[Site "Chess.com"]
[Date "2021.03.30"]
[Round "6"]
[White "manitodeplomo"]
[Black "Sjakkerntobi"]
[Result "0-1"]
[WhiteElo "2555"]
[BlackElo "2411"]
[TimeControl "180+1"]
[EndTime "11:06:22 PDT"]
[Termination "Sjakkerntobi won on time"]

1. d4 e6 2. c4 Nf6 3. Nf3 c5 4. d5 exd5 5. cxd5 d6 6. Nc3 g6 7. h3 Bg7 8. e4 O-O 9. Bd3 b5 10.
Nxb5 Re8 11. O-O Nxe4 12. Bxe4 Rxe4 13. Ng5 Re8 14. Qf3 Re7 15. Ne4 Rxe4 16. Qxe4 Bf5 17. Qf4 Be5 18. Qf3 a6 19. Nc3 Nd7 20. Bf4 Rb8 21. g4 Qh4 22. Bg3 Qxh3 23. gxf5 Rb4 24. Rae1 Rg4 25. fxg6 hxg6 26. Re4 Bxg3 27. fxg3 Rxg3+ 28. Qxg3 Qxg3+ 29. Kh1 Ne5 30. Ref4 Qh3+ 31. Kg1 Qg3+ 32.
Kh1 g5 33. R4f2 Ng4 34. Ne4 Nxf2+ 0-1

[Event "*** Titled Tuesday Blitz"]
[Site "Chess.com"]
[Date "2021.03.30"]
[Round "6"]
[White "chessdiamant"]
[Black "LileKoridze"]
[Result "0-1"]
[WhiteElo "2361"]
[BlackElo "2509"]
[TimeControl "180+1"]
[EndTime "11:06:22 PDT"]
[Termination "LileKoridze won by checkmate"]

1. Nf3 Nf6 2. g3 d5 3. Bg2 c5 4. O-O Nc6 5. c4 d4 6. b3 g6 7. Bb2 Bg7 8. e3 O-O 9. exd4 cxd4 10. Re1 Re8 11. Ne5 Nxe5 12. Rxe5 Qd6 13. Re1 e5 14. d3 Rb8 15. Na3 a6 16. Rc1 Bf5 17. c5 Qd7 18.
Nc4 Nd5 19. Bxd5 Qxd5 20. Nb6 Qc6 21. Ba3 e4 22. g4 exd3 23. gxf5 Rxe1+ 24. Qxe1 Re8 25. Qf1 d2 26. Rd1 Qf3 27. Rxd2 Re4 28. h3 Qxf5 29. Rd3 Be5 30. Nd5 Qg5+ 31. Kh1 Bb8 32. f3 Rh4 33. Nb6 Qf4 34. Rd2 Qxd2 35. Bc1 Qh2# 0-1

[Event "*** Titled Tuesday Blitz"]
[Site "Chess.com"]
[Date "2021.03.30"]
[Round "6"]
[White "DrCeltic"]
[Black "Nice_2_M8te_U"]
[Result "0-1"]
[WhiteElo "2434"]
[BlackElo "2584"]
[TimeControl "180+1"]
[EndTime "11:06:23 PDT"]
[Termination "Nice_2_M8te_U won by resignation"]

1. e4 c5 2. Nf3 e6 3. d4 cxd4 4. Nxd4 Nf6 5. Nc3 Nc6 6. Ndb5 Bb4 7. a3 Bxc3+ 8. Nxc3 d5 9. exd5 exd5 10. Bd3 O-O 11. O-O d4 12. Ne2 Bg4 13. h3 Bh5 14. b4 Re8 15.
Qd2 Bxe2 16. Bxe2 Ne4 17. Qd3 Nc3 18. Bf3 Ne5 19. Qf5 Qc7 20. Bb2 Nxf3+ 21. Qxf3 Ne2+ 22. Kh1 Qxc2 23. Rab1 d3 24. Qg4 g6 25. Qf3 Re6 26. Qxb7 Rd8 27. Qxa7 d2 28. Rfd1 Nc1 29. Rg1 Qxb1 30.
Qa5 d1=Q 31. Bxc1 Qxg1+ 32. Kxg1 Qxc1+ 33. Kh2 Qf4+ 0-1

[Event "*** Titled Tuesday Blitz"]
[Site "Chess.com"]
[Date "2021.03.30"]
[Round "6"]
[White "pfalcon1949"]
[Black "AEMEffi"]
[Result "0-1"]
[WhiteElo "1994"]
[BlackElo "2266"]
[TimeControl "180+1"]
[EndTime "11:06:23 PDT"]
[Termination "AEMEffi won on time"]

1. c4 e5 2. Nc3 Nc6 3. g3 Nf6 4.
Bg2 Bc5 5. Nf3 O-O 6. e3 Nb4 7. d4 exd4 8. exd4 Re8+ 9. Be3 Bf8 10. O-O d5 11. c5 Bf5 12. Nh4 Bd3 13. Re1 Ba6 14.
Bf1 Bxf1 15. Rxf1 Ne4 16. a3 Nxc3 17. bxc3 Nc6 18. Qd2 b6 19. cxb6 axb6 20. a4 Na5 21. Rab1 Nc4 22. Qd3 Rxa4 23. Nf3 Ra2 24. Ra1 Rxa1 25.
Rxa1 Qf6 26. Kg2 h6 27. Ra7 Bd6 28. Nh4 Nxe3+ 29. fxe3 g6 30. Kg1 Kg7 31. Ng2 g5 32. Qf1 Qg6 33. Ra1 h5 34. Rd1 h4 35. Qf2 hxg3 36.
hxg3 Rh8 37. Rf1 Rh3 0-1

[Event "*** Titled Tuesday Blitz"]
[Site "Chess.com"]
[Date "2021.03.30"]
[Round "6"]
[White "KacperPolOK"]
[Black "skeyman"]
[Result "1-0"]
[WhiteElo "2437"]
[BlackElo "2217"]
[TimeControl "180+1"]
[EndTime "11:06:24 PDT"]
[Termination "KacperPolOK won by resignation"]

1. e4 c5 2. Nc3 e6 3. Nf3 Nc6 4. Bb5 Qc7 5. O-O Nf6 6. d3 a6 7.
Bxc6 Qxc6 8. e5 Ng4 9. Ne4 b5 10. h3 Nh6 11. Bxh6 gxh6 12. Nf6+ Kd8 13. d4 Bb7 14. c3 Be7 15. Ng4 h5 16. Ne3 Rg8 17. Kh2 f6 18. Qd3 f5 19. Rad1 c4 20. d5 cxd3 21. dxc6 Bxc6 22. Rxd3 Kc7 23. Nd4 Bb7 24.
Rfd1 Rad8 25. g3 h4 26. Ng2 hxg3+ 27. fxg3 Be4 28. R3d2 Bg5 29. Nf4 Bxf4 30. gxf4 Rg7 31. Rg1 Rdg8 32. Rxg7 Rxg7 33. Nc2 h5 34. Ne3 h4 35.
Ng2 Rxg2+ 36. Rxg2 Bxg2 37. Kxg2 Kc6 38. Kf3 Kd5 39. Ke3 Kc4 40. Kd2 b4 41. cxb4 Kxb4 42. Kd3 Kc5 43. Kc3 Kd5 44. b4 Ke4 45. a4 Kd5 46. Kd3 d6 47. exd6 Kxd6 48. Kd4 Kc6 49. Ke5 Kd7 50. b5 axb5 51. axb5 Ke7 52. b6 Kd7 53. b7 Kc7 54. Kxe6 Kxb7 55. Kxf5 Kc7 56. Kg6 Kd7 57. f5 Ke8 58. Kg7 Ke7 59. f6+ 1-0

[Event "*** Titled Tuesday Blitz"]
[Site "Chess.com"]
[Date "2021.03.30"]
[Round "6"]
[White "tteshan"]
[Black "campomania3"]
[Result "0-1"]
[WhiteElo "2317"]
[BlackElo "2225"]
[TimeControl "180+1"]
[EndTime "11:06:24 PDT"]
[Termination "campomania3 won by resignation"]

1. d4 d5 2. c4 c6 3. Nc3 e5 4.
dxe5 d4 5. Ne4 Qa5+ 6. Bd2 Qxe5 7. Ng3 Nf6 8. Nf3 Qd6 9. e3 dxe3 10. Bxe3 Qxd1+ 11.
Rxd1 Bb4+ 12. Bd2 Bxd2+ 13. Rxd2 O-O 14. Be2 Re8 15. O-O Na6 16. Rfd1 Nc5 17. b4 Nce4 18.
Nxe4 Nxe4 19. Rd8 Be6 20. Rxa8 Rxa8 21. Bd3 Rd8 22. h4 Bxc4 23. Ne5 Bxd3 24. Rxd3 Rxd3 25.
Nxd3 Kf8 26. f3 Nc3 27. a3 Ke7 28. Kf2 g6 29. Ke3 Kd6 30. Nc5 b6 31. Nd3 f5 32. g4 fxg4 33. fxg4 a5 34. bxa5 bxa5 35. h5 gxh5 36. gxh5 Nb5 37. a4 Nc3 38. Nb2 Kc5 39.
Kf4 Kb4 40. Kf5 Kb3 41. Nd3 Kc4 42. Nc1 Nxa4 43. Kf6 Nc5 44. h6 a4 45. Kg7 Ne6+ 46.
Kxh7 a3 47. Kg6 Kd5 48. h7 Nf8+ 49. Kg7 Nxh7 50. Kxh7 Kc4 51. Kg6 Kc3 52. Na2+ Kb2 53. Nb4 c5 54. Nd3+ Kb1 55. Nxc5 a2 56. Nb3 Kb2 57. Na1 Kxa1 0-1

[Event "*** Titled Tuesday Blitz"]
[Site "Chess.com"]
[Date "2021.03.30"]
[Round "6"]
[White "KuzubovYuriy"]
[Black "Korchmar_Vasiliy"]
[Result "1-0"]
[WhiteElo "2855"]
[BlackElo "2635"]
[TimeControl "180+1"]
[EndTime "11:06:25 PDT"]
[Termination "KuzubovYuriy won on time"]

1. d4 Nf6 2. Nf3 d5 3. c4 c6 4. Nc3 a6 5. Qc2 g6 6. cxd5 cxd5 7. Bf4 Nc6 8. e3 Bg7 9. a3 O-O 10. Bd3 b5 11. O-O Bb7 12. Rac1 Rc8 13. Qb1 Qb6 14. h3 Rfd8 15. Be2 e6 16. b4 Ne4 17. Nxe4 dxe4 18.
Ng5 e5 19. dxe5 Nxe5 20. Nxe4 Rxc1 21. Rxc1 h6 22. Nc5 Ba8 23. Rd1 Nc4 24. Rxd8+ Qxd8 25. Nxa6 Bxg2 26. Kxg2 Qa8+ 27. Kg1 Qxa6 28. Bxc4 bxc4 29.
b5 Qb6 30. a4 c3 31. e4 Qc5 32. b6 c2 33. Qc1 Qxb6 34. Qxc2 Qd4 35. Be3 Qa1+ 36.
Kg2 g5 37. Bb6 Be5 38. a5 Kg7 39. Qd3 Qa4 40. a6 h5 41. a7 g4 42. hxg4 hxg4 43.
Qd5 1-0

[Event "*** Titled Tuesday Blitz"]
[Site "Chess.com"]
[Date "2021.03.30"]
[Round "6"]
[White "dachessmandan"]
[Black "andriipalchuk"]
[Result "0-1"]
[WhiteElo "2490"]
[BlackElo "2624"]
[TimeControl "180+1"]
[EndTime "11:06:25 PDT"]
[Termination "andriipalchuk won by resignation"]

1. d4 d5 2. Bf4 Nf6 3. e3 g6 4.
Nf3 Bg7 5. Nbd2 O-O 6. h3 c5 7. c3 Nc6 8. Bd3 Nd7 9. O-O e5 10.
dxe5 Ndxe5 11. Bc2 Re8 12. Ba4 Nd3 13. Bxc6 bxc6 14. Bg5 f6 15. Bh4 Ba6 16. Qc2 Qb6 17. Rab1 f5 18. Rfd1 f4 19. Nf1 Ne5 20. Nxe5 Bxe5 21.
e4 Bc8 22. exd5 Bf5 23. Qd2 Bxb1 24. Rxb1 cxd5 25. Qxd5+ Qe6 26. Qxc5 Qxa2 27. Re1 Bg7 28. Be7 Qxb2 29. Qd5+ Kh8 30. Qf7 Qb7 31. Re6 Qd7 32.
Nh2 Rf8 33. Rd6 Qxd6 34. Qxg7+ Kxg7 35. Bxd6 Rfe8 36. Bxf4 a5 37. c4 a4 38. Nf3 a3 39.
Be5+ Rxe5 40. Nxe5 a2 0-1

[Event "*** Titled Tuesday Blitz"]
[Site "Chess.com"]
[Date "2021.03.30"]
[Round "6"]
[White "rachidhuilda"]
[Black "NishaOnYoutube"]
[Result "0-1"]
[WhiteElo "2281"]
[BlackElo "2192"]
[TimeControl "180+1"]
[EndTime "11:06:25 PDT"]
[Termination "NishaOnYoutube won on time"]

1. d4 f5 2. g3 g6 3. Bg2 Bg7 4. c4 c6 5. Nc3 d6 6. Nh3 Nh6 7. d5 O-O 8. O-O e5 9. dxe6 Bxe6 10. Qa4 Kh8 11. Nf4 Bg8 12. Be3 Na6 13. h3 Nc5 14.
Bxc5 dxc5 15. Rfd1 Qe7 16. Rd2 Nf7 17. Nd3 Rfd8 18.
Rad1 Bd4 19. e3 Bf6 20. Qa3 Nd6 21. Nf4 Nxc4 22. Rxd8 Rxd8 23. Qxa7 Rxd1+ 24. Nxd1 Qd7 25. Bf3 Nxb2 26. Nxb2 Bxb2 27. Qxc5 Bf6 28. h4 Kg7 29. h5 Bxa2 30. Qa3 Bf7 31. Kg2 g5 32. Ne2 Bd5 33. Bxd5 Qxd5+ 34. Kh2 h6 35. Ng1 Qd2 0-1

[Event "*** Titled Tuesday Blitz"]
[Site "Chess.com"]
[Date "2021.03.30"]
[Round "6"]
[White "pastouche06"]
[Black "Beca95"]
[Result "0-1"]
[WhiteElo "2546"]
[BlackElo "2893"]
[TimeControl "180+1"]
[EndTime "11:06:26 PDT"]
[Termination "Beca95 won on time"]

1. d4 Nf6 2. c4 c5 3. d5 e6 4. Nc3 exd5 5. cxd5 d6 6. e4 g6 7. Nge2 Bg7 8. Ng3 a6 9. a4 Qe7 10. Be2 h5 11. f3 h4 12. Nf1 Nh5 13. Be3 f5 14.
exf5 gxf5 15. Qd2 Nd7 16. Bg5 Bf6 17. Bxf6 Ndxf6 18. O-O-O Kd8 19. Ne3 Qg7 20. Nc4 Kc7 21.
Bd3 Bd7 22. Rde1 Rae8 23. Rxe8 Rxe8 24. Rd1 b6 25. Bf1 f4 26. Re1 Qf8 27. Ne4 Nxe4 28. fxe4 f3 29. e5 dxe5 30. d6+ Kd8 31. Qd5 Qf4+ 32. Kb1 f2 33. Rd1 Bf5+ 34. Ka1 Qe4 35. Qf7 Qc6 36. Qxf5 Qxa4+ 37. Kb1 Qxd1+ 38. Ka2 Qxf1 39. Qxh5 Qxc4+ 0-1

[Event "*** Titled Tuesday Blitz"]
[Site "Chess.com"]
[Date "2021.03.30"]
[Round "6"]
[White "kubal123"]
[Black "Treacherous_horse64"]
[Result "1-0"]
[WhiteElo "2242"]
[BlackElo "2424"]
[TimeControl "180+1"]
[EndTime "11:06:26 PDT"]
[Termination "kubal123 won by checkmate"]

1. d4 d5 2. Bf4 Nf6 3. e3 Bf5 4. c4 c6 5. Nc3 e6 6. Nf3 Nbd7 7.
Be2 Be7 8. O-O O-O 9. Nh4 Bg6 10.
Nxg6 hxg6 11. cxd5 exd5 12. Rb1 a5 13. a3 Qb6 14. Qc2 Qa7 15. b4 axb4 16. axb4 Rfc8 17.
Rfc1 Ne8 18. Qb3 b5 19. h3 Bd6 20. Bg4 f5 21. Bf3 Bxf4 22. exf4 Nd6 23. Nxd5 cxd5 24. Bxd5+ Kh7 25. Bxa8 Qxa8 26. Qe6 Nc4 27. Qxd7 Rd8 28.
Qxb5 Nd2 29. Ra1 Qe4 30. Qb6 Rxd4 31. Ra6 Kg8 32. Qxg6 Rd8 33. Rd6 Re8 34. Rd7 Re7 35. Rc8+ Re8 36. Qxg7# 1-0

[Event "*** Titled Tuesday Blitz"]
[Site "Chess.com"]
[Date "2021.03.30"]
[Round "6"]
[White "Bhagya_2312"]
[Black "Walter_White_Poland"]
[Result "1-0"]
[WhiteElo "2168"]
[BlackElo "2277"]
[TimeControl "180+1"]
[EndTime "11:06:26 PDT"]
[Termination "Bhagya_2312 won on time"]

1. e4 e5 2. Nf3 Nc6 3. Bc4 Nf6 4. d3 d5 5. exd5 Nxd5 6. O-O Nb6 7. Bb5 Bd6 8. Re1 f6 9. d4 O-O 10. Bxc6 bxc6 11.
h3 Qe8 12. Bf4 Qg6 13. Bg3 exd4 14. Bxd6 cxd6 15. Nxd4 Bxh3 16. Qf3 Bg4 17. Qxc6 Rac8 18. Qxd6 Rfd8 19. Qf4 Nc4 20. b3 Ne5 21. Nd2 Rxd4 22. Qxd4 Nf3+ 23. Nxf3 Bxf3 24. g3 Qh5 25. Qh4 Qf5 26. c4 g5 27. Qh6 Rd8 28. Re3 Bc6 29. Rae1 a5 30. Re7 Qg6 31. Qh3 Rd2 32. Qe6+ Kf8 33. Qxc6 1-0

[Event "*** Titled Tuesday Blitz"]
[Site "Chess.com"]
[Date "2021.03.30"]
[Round "6"]
[White "GianmarcoVaR"]
[Black "Isajevsky_Anton"]
[Result "1-0"]
[WhiteElo "2755"]
[BlackElo "2529"]
[TimeControl "180+1"]
[EndTime "11:06:27 PDT"]
[Termination "GianmarcoVaR won by resignation"]

1. Nf3 c5 2. g3 g6 3. Bg2 Bg7 4.
O-O Nc6 5. d3 e5 6. c4 Nge7 7.
Nc3 O-O 8. Rb1 d6 9. a3 a5 10.
Ne1 Be6 11. Nc2 d5 12. cxd5 Nxd5 13. Ne3 Nde7 14. Nc4 Rb8 15. Qa4 Nd4 16. Qxa5 b5 17. Qxd8 Rfxd8 18. Na5 b4 19. Ne4 bxa3 20. Bg5 a2 21.
Ra1 Re8 22. Nxc5 Nxe2+ 23. Kh1 Rxb2 24. Nxe6 fxe6 25. Nc4 Rc2 26. Na3 Rb2 27. Nc4 Rc2 28.
Nd6 e4 29. Nxe8 Bxa1 30. Rxa1 exd3 31. Be4 Nc3 32. Bxd3 Rb2 33. Bxe7 Kf7 34. Ba3 Rd2 35. Nd6+ Kg8 36. Ne4 Rxd3 37. Nxc3 Rxc3 38. Rxa2 1-0

[Event "*** Titled Tuesday Blitz"]
[Site "Chess.com"]
[Date "2021.03.30"]
[Round "6"]
[White "theredking89"]
[Black "Sofiia_Hryzlova"]
[Result "1-0"]
[WhiteElo "2560"]
[BlackElo "2330"]
[TimeControl "180+1"]
[EndTime "11:06:27 PDT"]
[Termination "theredking89 won by checkmate"]

1. e4 e6 2. d4 d5 3. Nd2 dxe4 4. Nxe4 Nf6 5. Nxf6+ Qxf6 6. Nf3 Bd6 7. Bd3 h6 8. Qe2 Bd7 9. Bd2 Bc6 10. Be4 Bxe4 11.
Qxe4 Nc6 12. O-O-O O-O-O 13. Kb1 Rhe8 14. Rhe1 Kb8 15.
h3 a6 16. a3 g5 17. Bc3 Qe7 18. Qg4 Na7 19. d5 Nb5 20. Bb4 Bxb4 21. axb4 Qf6 22. dxe6 Rxd1+ 23. Rxd1 Rxe6 24. Qc4 Rc6 25. Qe4 Ka7 26.
Rd5 Re6 27. Qd3 Qf4 28. c3 Qe4 29. Qxe4 Rxe4 30. Rf5 Nd6 31. Rf6 Re2 32. Nd4 Re1+ 33. Kc2 h5 34. b3 Rg1 35. g3 Rh1 36. c4 Rxh3 37. c5 Ne4 38. Rxf7 Rh2 39. Rxc7 Rxf2+ 40.
Kd3 Kb8 41. Rg7 Nxg3 42. b5 h4 43. b6 Rf8 44. c6 bxc6 45. Nxc6+ Kc8 46. Rc7# 1-0

[Event "*** Titled Tuesday Blitz"]
[Site "Chess.com"]
[Date "2021.03.30"]
[Round "6"]
[White "OlifantCZ"]
[Black "PawnEatingZombie"]
[Result "0-1"]
[WhiteElo "2287"]
[BlackElo "2196"]
[TimeControl "180+1"]
[EndTime "11:06:27 PDT"]
[Termination "PawnEatingZombie won by resignation"]

1. c4 e6 2. g3 d5 3. Bg2 dxc4 4. Nf3 a6 5. O-O Nc6 6. Qc2 e5 7. Na3 Bxa3 8. bxa3 Be6 9. Bb2 f6 10. Rfd1 Nge7 11. d3 cxd3 12. Rxd3 Qc8 13. Nd2 O-O 14.
Nc4 Qe8 15. Rad1 Qf7 16. Ne3 Bxa2 17. Bc3 Bb3 18. Qb2 Bxd1 19. Rxd1 Rab8 20. Rd7 Qe6 21. Rxc7 Kh8 22. Rxb7 Rxb7 23. Qxb7 a5 24. h4 h5 25. Kh2 Rb8 26. Qa6 Rb3 27. Bd2 Rxa3 28. Be4 Nd4 29.
Bd3 Qxa6 30. Bxa6 Ra2 31. Bc3 a4 32. Bc4 Rxe2 33. Bxd4 Rxf2+ 34. Kg1 exd4 35. Kxf2 dxe3+ 36. Kxe3 Kh7 37. Kd4 Kh6 38. Bd3 a3 39. Kc3 g5 40.
Kb3 Nd5 41. Kxa3 gxh4 42. gxh4 Nf4 43. Be4 Ng6 44. Kb2 Nxh4 45. Kc2 f5 46. Bd5 Kg5 47. Kd2 Ng6 48. Ke2 Nf4+ 0-1

[Event "*** Titled Tuesday Blitz"]
[Site "Chess.com"]
[Date "2021.03.30"]
[Round "6"]
[White "Hikaru"]
[Black "Zhigalko_Sergei"]
[Result "1-0"]
[WhiteElo "3215"]
[BlackElo "2899"]
[TimeControl "180+1"]
[EndTime "11:06:28 PDT"]
[Termination "Hikaru won on time"]

1. Nf3 d5 2. e3 e6 3. c4 Nf6 4. b3 Bd6 5. Bb2 O-O 6. d4 b6 7.
Nc3 Bb7 8. Bd3 Nbd7 9. cxd5 exd5 10. Nd2 Re8 11. O-O Ne4 12. Rc1 a6 13. a3 Re6 14. g3 Ndf6 15. b4 Qd7 16. Ndxe4 Nxe4 17. Re1 Rae8 18. Bf1 Rh6 19. Bg2 Qf5 20. f4 Nxc3 21. Rxc3 Rhe6 22. Qd2 h5 23. Qf2 R6e7 24. Qf3 g6 25. Bf1 Qf6 26. Rc2 Qf5 27. Rd2 Qe4 28.
Qf2 Qf5 29. Bd3 Qf6 30. Bf1 Qf5 31. Bg2 Bc6 32. Qf3 Bb5 33. h3 Bc4 34. g4 hxg4 35.
hxg4 Qf6 36. g5 Qh8 37. Bf1 b5 38. Rh2 Qg7 39. Bxc4 bxc4 40. Kf2 c6 41. Bc1 Re4 42. Reh1 c3 43. Qh3 Kf8 44. Qd7 Bxf4 45. Rh8+ 1-0

[Event "*** Titled Tuesday Blitz"]
[Site "Chess.com"]
[Date "2021.03.30"]
[Round "6"]
[White "Aslanov_Umid"]
[Black "FMalexhdez"]
[Result "1-0"]
[WhiteElo "2419"]
[BlackElo "2227"]
[TimeControl "180+1"]
[EndTime "11:06:28 PDT"]
[Termination "Aslanov_Umid won by resignation"]

1. e4 c5 2. Nf3 d6 3. d4 cxd4 4. Nxd4 Nf6 5. Nc3 a6 6. Bc4 e6 7.
Bb3 Nbd7 8. Bg5 b5 9. a3 Bb7 10. Qe2 Nc5 11. O-O Be7 12. Bh4 Nfxe4 13. Bxe7 Qxe7 14.
Nxe4 Nxe4 15. Rfe1 O-O 16. Qg4 d5 17. f3 Nf6 18. Qg3 Qc5 19. Qf2 Rac8 20. c3 Rfe8 21. Bc2 e5 22. Nf5 Qxf2+ 23. Kxf2 Rcd8 24. Rad1 g6 25.
Ng3 d4 26. cxd4 exd4 27. Rxe8+ Nxe8 28. Ne2 Nf6 29. Rxd4 Rxd4 30. Nxd4 Kf8 31. Ke3 Ke7 32. Nb3 Nd5+ 33. Kd4 Kd6 34. Nc5 Bc8 35. g3 f5 36. Bb3 Ne7 37. Nd3 Nc6+ 38. Ke3 a5 39.
Bg8 h6 40. Bh7 Ne7 41. Nf4 g5 42. Ne2 Ke5 43. Nd4 b4 44. axb4 axb4 45. h4 Kf6 46. h5 Kg7 47. Bg6 Nxg6 48. hxg6 Kxg6 49. Nc6 b3 50. Ne7+ 1-0

[Event "*** Titled Tuesday Blitz"]
[Site "Chess.com"]
[Date "2021.03.30"]
[Round "6"]
[White "Bishops83"]
[Black "Carnivoras"]
[Result "0-1"]
[WhiteElo "2234"]
[BlackElo "2579"]
[TimeControl "180+1"]
[EndTime "11:06:28 PDT"]
[Termination "Carnivoras won on time"]

1. e4 c5 2. Nf3 a6 3. c4 d6 4. d4 Bg4 5. dxc5 Bxf3 6. gxf3 dxc5 7. Qxd8+ Kxd8 8. Be3 e6 9. Nc3 Nc6 10. O-O-O+ Nd4 11. Ne2 e5 12. f4 f6 13. fxe5 fxe5 14. f4 Bd6 15. fxe5 Bxe5 16. Rg1 g6 17. Nxd4 cxd4 18. Bxd4 Bxd4 19. Rxd4+ Kc7 20. Bh3 Nf6 21. e5 Nh5 22. Rd7+ Kb6 23. Rgd1 Rac8 24. Bg2 Rxc4+ 25. Kb1 Rb8 26. Rxh7 Nf4 27. Bh1 Rc5 28. e6 Re5 29. e7 Re8 30. Rd8 R8xe7 31. Rxe7 Rxe7 32. Rd4 Re1+ 33. Kc2 Ne6 34. Rd1 Re2+ 35. Rd2 Re1 36. Bd5 Nf4 37. Bb3 g5 38. Rf2 Rh1 39. Bf7 Kc5 40. Be8 Kd4 41. Kd2 Rb1 0-1

[Event "*** Titled Tuesday Blitz"]
[Site "Chess.com"]
[Date "2021.03.30"]
[Round "6"]
[White "retropwr"]
[Black "Andrii_Prydun"]
[Result "1-0"]
[WhiteElo "2438"]
[BlackElo "2265"]
[TimeControl "180+1"]
[EndTime "11:06:29 PDT"]
[Termination "retropwr won by resignation"]

1. c4 c6 2. Nf3 d5 3. e3 Nf6 4. Nc3 e6 5. b3 Bd6 6. Bb2 Qe7 7. d4 Ba3 8. Qc2 Bxb2 9. Qxb2 O-O 10. Be2 Nbd7 11. O-O e5 12. cxd5 cxd5 13. dxe5 Nxe5 14.
Nxd5 Nxd5 15. Qxe5 Qxe5 16. Nxe5 Re8 17. Nc4 Be6 18. Bf3 Rad8 19. Rfd1 b6 20. Rd2 Nc3 21. Rc2 Nd5 22. a3 Bf5 23. Rd2 Nc3 24. Rc1 Ne4 25.
Rxd8 Rxd8 26. Rd1 Rxd1+ 27. Bxd1 b5 28. Na5 Nd2 29. Nc6 a6 30. Nb8 Bc8 31. f3 Nb1 32.
a4 Nc3 33. Bc2 Nd5 34. Kf2 Nb4 35. Be4 Be6 36. axb5 axb5 37. Nc6 Nxc6 38. Bxc6 Bxb3 39. Bxb5 f5 40. e4 fxe4 41. fxe4 Kf7 42. Ke3 Kf6 43. Kd4 g5 44. e5+ Ke7 45. Bd3 h6 46. Ke4 Ke6 47.
g3 Bd5+ 48. Kd4 h5 49. Bf5+ 1-0

[Event "*** Titled Tuesday Blitz"]
[Site "Chess.com"]
[Date "2021.03.30"]
[Round "6"]
[White "zmeeed67"]
[Black "Mazanchenko_Dmitry"]
[Result "1-0"]
[WhiteElo "2419"]
[BlackElo "2215"]
[TimeControl "180+1"]
[EndTime "11:06:30 PDT"]
[Termination "zmeeed67 won on time"]

1. d4 g6 2. c4 Bg7 3. Nc3 d6 4.
Nf3 Bg4 5. Bg5 Nc6 6. e3 h6 7.
Bh4 g5 8. Bg3 e5 9. Be2 exd4 10.
Nxd4 Bxe2 11. Ncxe2 Nge7 12. h4 O-O 13. hxg5 hxg5 14. Qc2 f5 15. Ne6 Qd7 16. Nxf8 Rxf8 17. Rd1 Qe6 18. Kf1 Ng6 19. b3 Rf7 20. Qd2 Nce7 21.
f3 f4 22. exf4 Nf5 23. Bf2 gxf4 24. Nxf4 Nxf4 25. Qxf4 Nd4 26. Qd2 c5 27. Re1 Qd7 28. Qg5 Kf8 29. Bxd4 cxd4 30. Rh5 a6 31. Qd5 b5 32.
Re4 bxc4 33. Qa8+ 1-0

[Event "*** Titled Tuesday Blitz"]
[Site "Chess.com"]
[Date "2021.03.30"]
[Round "6"]
[White "bocah_sakit"]
[Black "OhanyanEminChess"]
[Result "1-0"]
[WhiteElo "2852"]
[BlackElo "2680"]
[TimeControl "180+1"]
[EndTime "11:06:32 PDT"]
[Termination "bocah_sakit won on time"]

1. e4 e5 2. Nf3 Nc6 3. Bb5 f5 4.
d3 fxe4 5. dxe4 Nf6 6. O-O Bc5 7. Qd3 d6 8. a4 a6 9. Bxc6+ bxc6 10. a5 Qe7 11. Be3 Bxe3 12. Qxe3 O-O 13. Nbd2 Be6 14. Qc3 c5 15. Ne1 Nd7 16. Nd3 Rab8 17. b4 Rb5 18. Rfb1 cxb4 19. Nxb4 Rc5 20. Qe3 Ra8 21. c3 Bc4 22.
Nxc4 Rxc4 23. Qd3 Qf7 24. Nd5 Rc6 25. Rb4 h6 26. Rab1 Kh7 27. Qh3 Nc5 28. f3 Rf8 29. Rb8 Rxb8 30. Rxb8 Qg6 31. Qc8 Qg5 32. Qg8+ Kg6 33.
Qe8+ Kh7 34. f4 Qg4 35. Qg8+ Kg6 36. Ne7+ Kh5 37. h3 Qd1+ 38. Kh2 Nxe4 39. Qf7+ 1-0

[Event "*** Titled Tuesday Blitz"]
[Site "Chess.com"]
[Date "2021.03.30"]
[Round "6"]
[White "Witik"]
[Black "crazyluzhinTh3"]
[Result "0-1"]
[WhiteElo "2698"]
[BlackElo "2533"]
[TimeControl "180+1"]
[EndTime "11:06:32 PDT"]
[Termination "crazyluzhinTh3 won on time"]

1. d4 d6 2. e4 Nf6 3. Nc3 g6 4. g3 Bg7 5. Bg2 O-O 6. Nge2 Nbd7 7. O-O e5 8. h3 b6 9. Be3 Re8 10. g4 Ba6 11. Re1 h5 12. g5 Nh7 13. h4 exd4 14.
Nxd4 Bb7 15. f4 Nc5 16. Bf2 Qd7 17. f5 Be5 18. Qf3 Rad8 19. Rad1 Qc8 20. Nd5 Bxd5 21. exd5 Bxd4 22. Bxd4 Qxf5 23. Qxf5 gxf5 24. Bh3 f4 25.
Bf5 Nf8 26. Bf6 Rb8 27. Kg2 Ng6 28. Kh3 a5 29. b3 Re3+ 30. Rxe3 fxe3 31. Kg3 Re8 32. Re1 Ne4+ 33. Kh3 Nf2+ 34. Kg3 Ne4+ 35. Kh3 Nxf6 36. gxf6 Re5 37. Bd3 Nf4+ 38. Kg3 Nxd3 39. cxd3 Kh7 40. Kf3 Kg6 41. d4 Re8 42. Rg1+ Kxf6 43. Ke2 Re4 0-1

[Event "*** Titled Tuesday Blitz"]
[Site "Chess.com"]
[Date "2021.03.30"]
[Round "6"]
[White "dpopadic"]
[Black "Orest_Vovk"]
[Result "0-1"]
[WhiteElo "2305"]
[BlackElo "2477"]
[TimeControl "180+1"]
[EndTime "11:06:33 PDT"]
[Termination "Orest_Vovk won on time"]

1. e4 g5 2. Nc3 Bg7 3. d4 c5 4. dxc5 Bxc3+ 5. bxc3 Nc6 6. Bxg5 Qa5 7. Qd2 Qxc5 8. Nf3 d6 9. h3 h6 10. Be3 Qa5 11.
Bd3 Nf6 12. O-O Bxh3 13. gxh3 Rg8+ 14. Kh1 Qh5 15. Nh2 Qxh3 16. Rg1 O-O-O 17. Qe2 Ne5 18.
f3 Nh5 19. Qf2 Ng3+ 20. Rxg3 Rxg3 21. Rg1 Rdg8 22. Rxg3 Rxg3 23. Bf1 Qh4 24. Bg2 Nc4 25. Bxa7 Qf4 26. Nf1 Rg5 27. Be3 Rh5+ 28. Kg1 Qe5 29. Bd4 Qg5 30. Qe2 b5 31. a4 Kd8 32. axb5 Qxb5 33.
f4 Rh4 34. f5 e5 35. Bf2 Rf4 36. Ne3 Na3 37. Qxb5 Nxb5 38. Nd5 Rg4 39. Bb6+ Kc8 40.
Kf2 Rg8 41. f6 Kb7 0-1